 Dungeon Crawl Stone Soup version 0.25-a0-59-gf342c8b036 (webtiles) character file.

Game seed: 134199383964603279, levelgen mode: deterministic

27410 Napalmbreeze the Fighter (level 13, -1/125 HPs)
             Began as a Minotaur Gladiator on Oct 28, 2019.
             Was a High Priest of Makhleb.
             Killed from afar by a frost giant (29 damage)
             ... with a bolt of cold
             ... in an ice cave.
             The game lasted 00:35:55 (12888 turns).

Napalmbreeze the Fighter (Minotaur Gladiator)      Turns: 12888, Time: 00:35:55

Health: -1/125     AC: 21    Str: 24    XL:     13   Next: 4%
Magic:  0/19       EV: 10    Int:  5    God:    Makhleb [*****.]
Gold:   219        SH:  5    Dex: 12    Spells: 12/12 levels left

rFire    . . .     SeeInvis .   U - +2 trident (flame)
rCold    . . .     Gourm    .   D - +0 buckler
rNeg     + + .     Faith    .   P - +8 chain mail "Lomeb" {rN++}
rPois    +         Spirit   +   c - +0 hat
rElec    .         Reflect  .   (no cloak)
rCorr    .         Harm     .   M - +0 pair of gloves
MR       +....                  E - +0 pair of boots
Stlth    ..........             w - amulet of guardian spirit
HPRegen  0.30/turn              H - ring of poison resistance
MPRegen  0.16/turn              C - ring of protection from magic

@: no status effects
A: retaliatory headbutt, horns 2
a: Minor Destruction, Lesser Servant of Makhleb, Major Destruction, Greater
Servant of Makhleb, Renounce Religion


You were in an ice cave.
You worshipped Makhleb.
Makhleb was extremely pleased with you.
You were not hungry.

You visited 3 branches of the dungeon, and saw 14 of its levels.
You also visited: Ice Cave.

You collected 963 gold pieces.
You spent 744 gold pieces at shops.

Inventory:

Hand Weapons
 a - a +3 war axe
 F - a +2 trident of protection
 K - a +1 hand axe of electrocution
 U - a +2 trident of flaming (weapon)
Missiles
 d - 2 throwing nets (quivered)
 p - 38 poisoned darts
Armour
 c - a +0 hat (worn)
 y - +2 fire dragon scales
 D - a +0 buckler (worn)
 E - a +0 pair of boots (worn)
 M - a +0 pair of gloves (worn)
 P - the +8 chain mail "Lomeb" (worn) {rN++}
   (You bought it in a shop on level 5 of the Dungeon)

   It greatly protects you from negative energy.
Jewellery
 w - an amulet of guardian spirit (around neck)
 z - an uncursed ring of wizardry
 C - a ring of protection from magic (right hand)
 H - a ring of poison resistance (left hand)
 J - an uncursed amulet of regeneration
Wands
 g - a wand of polymorph (12)
 v - a wand of acid (3)
 G - a wand of paralysis (18)
 I - a wand of iceblast (9)
 L - a wand of digging (9)
 T - a wand of random effects (29)
Scrolls
 e - 5 scrolls of remove curse
 h - 4 scrolls of amnesia
 i - a scroll of random uselessness
 j - 7 scrolls of teleportation
 k - 2 scrolls of identify
 l - 2 scrolls of fog
 o - a scroll of blinking
 q - 2 scrolls of enchant armour
 s - 3 scrolls of noise
 t - 3 scrolls of enchant weapon
 B - 4 scrolls of immolation
 S - a scroll of vulnerability
Potions
 b - 3 potions of resistance {unknown}
 m - 3 potions of heal wounds {unknown}
 n - a potion of curing
 r - 3 potions of brilliance {unknown}
 u - 5 potions of lignification {unknown}
 x - 5 potions of mutation {unknown}
 A - a potion of agility {unknown}
 N - 3 potions of haste {unknown}
 V - a potion of cancellation {unknown}
Comestibles
 f - 32 rations


   Skills:
 * Level 14.4 Fighting
 + Level 12.1(13.3) Axes
 - Level 9.4(12.0) Polearms
 - Level 2.0 Throwing
 + Level 8.3 Armour
 - Level 5.0 Dodging
 - Level 5.4 Shields
 + Level 10.1 Invocations


You had 12 spell levels left.
You didn't know any spells.
Your spell library contained the following spells:

 Spells                   Type           Power        Failure   Level  Hunger
 Animate Skeleton         Necr           N/A          97%         1    ##.....
 Apportation              Tloc           #.....       97%         1    ##.....
 Confusing Touch          Hex            #.....       97%         1    ##.....
 Magic Dart               Conj           #...         97%         1    ##.....
 Summon Small Mammal      Summ           #...         97%         1    ##.....
 Blink                    Tloc           N/A          99%         2    ###....
 Call Imp                 Summ           #.......     99%         2    ###....
 Slow                     Hex            #.......     99%         2    ###....
 Conjure Flame            Conj/Fire      #.......     100%        3    ####...
 Mephitic Cloud           Conj/Pois/Air  #.......     100%        3    ####...


Dungeon Overview and Level Annotations

Branches:
Dungeon (11/15)            Temple (1/1) D:5            Lair (2/6) D:11
  IceCv (1/1)
  Swamp: Lair:2-4    Shoals: Lair:2-4     Snake: Lair:2-4    Spider: Lair:2-4
    Orc: D:9-12

Altars:
Ashenzari
Cheibriados
Elyvilon
Fedhas
Gozag
Hepliaklqana
Kikubaaqudgha
Makhleb
Nemelex Xobeh
Okawaru
Qazlal
Ru
Sif Muna
Trog
Uskayaw
Vehumet
Wu Jian
Xom
Yredelemnul
Zin
The Shining One
Lugonu

Shops:
D:5 [   D:6 (   D:8 !

Annotations:
IceCv exclusion: ice statue


Innate Abilities, Weirdness & Mutations

You reflexively headbutt those who attack you in melee.
You have a pair of horns on your head.


Message History

The frost giant is engulfed in freezing vapours.
Unknown command.
Unknown command.
The frost giant is engulfed in freezing vapours.
Unknown command.
Unknown command.
You feel better.
The frost giant is engulfed in freezing vapours.
The frost giant hits you but does no damage.
Unknown command.
Unknown command.
You puncture the frost giant! You burn the frost giant.
The frost giant is severely wounded.
Unknown command.
You hit the frost giant. You burn the frost giant.
The frost giant is severely wounded.
The frost giant is engulfed in freezing vapours.
The frost giant casts a spell at you. The bolt of cold hits you!!
You die...

#..# ####.### ###
###....#≈≈
###.#####..####≈≈≈
###○≈#.##..####≈≈≈≈≈
#.○####°°####[#.##≈≈
###○☼# #######.(##≈≈≈
##.☼C## ###....### ≈#
#..⌠.@###...#....#####
##...###..####.....##.
##......## ##.....÷#
######## ########


You could see a frost giant.

Vanquished Creatures
  Fannar (D:10)
  A hydra (Lair:1)
  4 death yaks
  2 two-headed ogres
  Nergalle (D:10)
  An unseen horror (D:11)
  A manticore (D:11)
  A black mamba (Lair:1)
  A torpor snail (Lair:2)
  2 spiny frogs (Lair:1)
  A kobold demonologist (D:11)
  A rime drake (Lair:1)
  5 komodo dragons (Lair:2)
  14 polar bears (IceCv)
  3 hippogriffs
  2 dream sheep (Lair:2)
  A spriggan (D:7)
  18 yaks
  A wraith (D:11)
  2 steam dragons
  A basilisk (Lair:2)
  An acid dragon (D:11)
  Duvessa (D:7)
  6 water moccasins
  2 porcupines
  3 ice beasts
  6 orc warriors
  A sky beast (D:6)
  A black bear (D:6)
  3 phantoms
  A necrophage (D:10)
  9 ogres
  6 centaurs
  35 wolves
  4 crocodiles
  5 big kobolds
  6 bullfrogs
  Dowan (D:7)
  6 scorpions
  17 killer bees
  A jelly (D:5)
  8 wights (D:10)
  3 howler monkeys
  3 vampire bats (D:4)
  10 crimson imps
  A quasit (D:11)
  A bullfrog zombie (D:8)
  3 centaur skeletons
  3 orc priests
  4 bullfrog skeletons
  2 hounds
  8 iguanas
  3 orc wizards
  Ijyb (D:3)
  A hell rat (D:11)
  5 worker ants
  A hound zombie (D:7)
  3 hound skeletons
  A howler monkey zombie (D:5)
  11 gnolls
  9 adders
  A howler monkey skeleton (D:7)
  A river rat (D:11)
  A shadow imp (D:7)
  An ooze (D:3)
  An adder zombie (D:10)
  3 adder skeletons
  3 worms
  4 dart slugs
  4 leopard geckos
  43 orcs
  4 bat skeletons (D:4)
  A bat zombie (D:4)
  9 giant cockroaches
  8 goblins
  11 hobgoblins
  7 jackals (D:4)
  5 quokkas
  5 ball pythons
  8 bats
  2 frilled lizards (D:2)
  33 kobolds
  A leopard gecko zombie (D:5)
  A quokka skeleton (D:7)
  2 quokka zombies
  10 rats
  A plant (Lair:1)
430 creatures vanquished.

Vanquished Creatures (others)
  A yak (IceCv)
  3 fungi (Lair:1)
  A plant (Lair:1)
5 creatures vanquished.

Grand Total: 435 creatures vanquished

Notes
Turn   | Place    | Note
-------+----------+-------------------------------------------
     0 | D:1      | Napalmbreeze the Minotaur Gladiator began the quest for the
                  | Orb.
     0 | D:1      | Reached XP level 1. HP: 18/18 MP: 0/0
   236 | D:1      | Reached XP level 2. HP: 25/25 MP: 1/1
   881 | D:2      | Reached XP level 3. HP: 30/30 MP: 2/2
  1079 | D:2      | Reached skill level 3 in Fighting
  1299 | D:2      | Reached skill level 1 in Armour
  1722 | D:3      | Reached skill level 5 in Polearms
  1722 | D:3      | Reached XP level 4. HP: 25/38 MP: 3/3
  1834 | D:3      | Noticed Ijyb
  1854 | D:3      | Killed Ijyb
  1956 | D:3      | Reached XP level 5. HP: 45/45 MP: 4/4
  2454 | D:4      | Found a shattered altar of Ashenzari.
  2564 | D:4      | Reached skill level 4 in Fighting
  2571 | D:4      | Reached XP level 6. HP: 29/52 MP: 1/5
  2869 | D:4      | Found an ancient bone altar of Kikubaaqudgha.
  2878 | D:4      | Reached skill level 5 in Dodging
  2999 | D:4      | Reached skill level 5 in Fighting
  2999 | D:4      | Reached XP level 7. HP: 61/61 MP: 6/6
  3681 | D:4      | Reached skill level 5 in Armour
  3909 | D:5      | Entered Level 5 of the Dungeon
  4004 | D:5      | Found a snail-covered altar of Cheibriados.
  4093 | D:5      | Reached skill level 6 in Fighting
  4309 | D:5      | Reached XP level 8. HP: 71/71 MP: 7/7
  4318 | D:5      | Reached skill level 7 in Fighting
  4435 | D:5      | Found a staircase to the Ecumenical Temple.
  4443 | Temple   | Entered the Ecumenical Temple
  4556 | Temple   | Became a worshipper of Ru the Awakened
  4735 | D:5      | Found Neborete's Armour Shop.
  4904 | D:6      | Found Guitauro's Antique Weapon Shoppe.
  4943 | D:6      | Reached skill level 8 in Fighting
  5653 | D:7      | Reached XP level 9. HP: 82/82 MP: 8/8
  5668 | D:7      | Reached skill level 1 in Axes
  5753 | D:7      | Reached skill level 9 in Fighting
  6383 | D:7      | Found a shattered altar of Ashenzari.
  6390 | D:7      | Found a bloodstained altar of Trog.
  6394 | D:7      | Found an iron altar of Okawaru.
  6398 | D:7      | Found a burning altar of Makhleb.
  6403 | D:7      | Found a glowing silver altar of Zin.
  6408 | D:7      | Found a stormy altar of Qazlal.
  6413 | D:7      | Found a hazy altar of Hepliaklqana.
  6483 | D:7      | Fell from the grace of Ru
  6484 | D:7      | Became a worshipper of Makhleb the Destroyer
  6561 | D:7      | Noticed Duvessa
  6562 | D:7      | Noticed Dowan
  6593 | D:7      | Killed Duvessa
  6593 | D:7      | Reached skill level 5 in Axes
  6603 | D:7      | Killed Dowan
  6964 | D:7      | Got an iridescent falchion
  6966 | D:7      | Identified the +8 falchion of Pride {holy, Int+4} (You
                  | found it on level 7 of the Dungeon)
  7203 | D:8      | Reached skill level 1 in Shields
  7243 | D:8      | Found a blossoming altar of Fedhas.
  7293 | D:8      | Reached skill level 10 in Fighting
  7400 | D:8      | Identified the +3 leather armour of the Nightingale {rN+++
                  | Regen+ Str-2 Dex-2}
  7417 | D:8      | Found a basalt altar of Yredelemnul.
  7466 | D:8      | Noticed a two-headed ogre
  7478 | D:8      | Killed a two-headed ogre
  7478 | D:8      | Reached skill level 5 in Shields
  7528 | D:8      | Found Juutz's Distillery.
  7542 | D:8      | Reached XP level 10. HP: 88/93 MP: 9/9
  8076 | D:9      | Reached skill level 1 in Invocations
  8152 | D:9      | Reached * piety under Makhleb
  8695 | D:9      | Found a shimmering blue altar of Sif Muna.
  9021 | D:10     | Entered Level 10 of the Dungeon
  9027 | D:10     | Noticed Nergalle
  9039 | D:10     | Reached ** piety under Makhleb
  9050 | D:10     | Killed Nergalle
  9213 | D:5      | Bought the +8 chain mail "Lomeb" {rN++} for 744 gold pieces
  9407 | D:10     | Found an opulent altar of Gozag.
  9454 | D:10     | Noticed a two-headed ogre
  9472 | D:10     | Killed a two-headed ogre
  9472 | D:10     | Reached skill level 11 in Fighting
  9547 | D:10     | Reached skill level 10 in Axes
  9555 | D:10     | Reached XP level 11. HP: 97/102 MP: 11/13
  9581 | D:10     | Noticed Fannar
  9720 | D:10     | Killed Fannar
  9819 | D:10     | Reached *** piety under Makhleb
 10065 | D:11     | Reached skill level 5 in Invocations
 10195 | D:11     | Killed an unseen horror
 10243 | D:11     | Reached skill level 12 in Fighting
 10290 | D:11     | Noticed a death yak
 10290 | D:11     | Noticed a death yak
 10309 | D:11     | Noticed a death yak
 10313 | D:11     | Killed a death yak
 10332 | D:11     | Killed a death yak
 10345 | D:11     | Killed a death yak
 10357 | D:11     | Found a shimmering altar of Xom.
 10408 | D:11     | Reached **** piety under Makhleb
 10547 | D:11     | Found a staircase to the Lair.
 10863 | Lair:1   | Entered Level 1 of the Lair of Beasts
 10978 | Lair:1   | Noticed a seven-headed hydra
 11126 | Lair:1   | Killed an eight-headed hydra
 11126 | Lair:1   | Reached XP level 12. HP: 79/113 MP: 7/17
 11331 | Lair:1   | Noticed a six-headed hydra
 11473 | Lair:2   | Reached ***** piety under Makhleb
 11473 | Lair:2   | Reached skill level 13 in Fighting
 11527 | Lair:2   | Identified a scroll of acquirement
 11831 | Lair:2   | Found a frozen archway.
 11841 | IceCv    | Entered an ice cave
 12408 | IceCv    | Reached skill level 14 in Fighting
 12486 | IceCv    | Reached skill level 10 in Invocations
 12623 | IceCv    | Noticed a death yak
 12629 | IceCv    | Reached XP level 13. HP: 125/125 MP: 19/19
 12849 | IceCv    | Noticed a frost giant
 12880 | IceCv    | HP: 3/125 [shot self (8)]
 12880 | IceCv    | HP: 1/125 [frost giant/+2 battleaxe of freezing (2)]
 12888 | IceCv    | Killed from afar by a frost giant

Levels and vault maps discovered:
D:1:      tarquinn_simple_flora_water_a, layout_basic, minmay_3d_cube
D:2:      layout_basic, first_ration, patterned_corridor
D:3:      layout_basic, uniq_ijyb
D:4:      minmay_diamond_boxcup, layout_basic, kennysheep_vampire_church,
          lemuel_altar_in_water
D:5:      layout_basic, lemuel_doored_altar, minmay_temple_entry_offerings,
          serial_shops, shop_statue
D:6:      lemuel_ice_spiral_2, layout_basic, serial_shops, shop,
          lightli_corner_chamber
D:7:      nicolae_whirlpool, layout_basic, grunt_temple_overflow_octagram,
          the_bakery, chequers_serial_rivers_room_b, uniq_duvessa
D:8:      layout_loops_ring, yredelemnul_altar_generic,
          nicolae_overflow_hidden_temple, fedhas_bush_and_centaur_altar,
          serial_shops, shop
D:9:      layout_roguey [special_room_orc], kennysheep_little_box
D:10:     layout_gridville, grunt_gozag_breadcrumbs, uniq_nergalle, uniq_fannar
D:11:     layout_long_grid, dpeg_lair_monsters, basic_altar
Temple:   kb_corrupted_temple
Lair:1:   layout_regular_city, grunt_forest_large_clearings, lemuel_fruit_tree
Lair:2:   beast_lair_carwin_large_4, layout_long_grid,
          skrybe_swamp_entry_bodies, portal_ice_cave_entry_pillars_1
IceCv:    ice_cave_caverns_02

Skill      XL: |  1  2  3  4  5  6  7  8  9 10 11 12 |
---------------+-------------------------------------+-----
Polearms       | 4 5 6 7 9 |  9.4
Fighting       | 3 4 5 6 8 10 11 12 14 | 14.4
Armour         | 1 2 3 5 6 8 |  8.3
Dodging        | 4 5 |  5.0
Axes           | 6 10 12 | 12.1
Shields        | 5 |  5.4
Invocations    | 4 8 10 | 10.1
Throwing       | |  2.0

Action                   |  1- 3 |  4- 6 |  7- 9 | 10-12 | 13-15 || total
-------------------------+-------+-------+-------+-------+-------++-------
Melee: Trident           |   100 |   129 |   311 |   438 |    34 ||  1012
       Headbutt          |    12 |    17 |    59 |   214 |    10 ||   312
       Hand axe          |       |       |       |   438 |       ||   438
Throw: Throwing net      |       |     1 |       |       |       ||     1
Invok: Renounce Religion |       |       |     1 |       |       ||     1
       Minor Destruction |       |       |       |     1 |       ||     1
Evoke: Wand              |       |       |     6 |    12 |     1 ||    19
  Use: Scroll            |       |       |     1 |    13 |       ||    14
       Potion            |       |       |       |     1 |     4 ||     5
 Stab: Sleeping          |     1 |       |       |       |       ||     1
       Held in net/web   |       |     1 |       |       |       ||     1
       Paralysed         |       |       |     8 |    13 |       ||    21
  Eat: Chunk             |     3 |     4 |    11 |    17 |     1 ||    36
       Ration            |       |       |     1 |       |       ||     1
Armor: Leather armour    |     2 |       |       |       |       ||     2
       Scale mail        |    22 |    46 |    67 |    35 |       ||   170
       Chain mail        |       |       |       |   415 |     7 ||   422
Dodge: Dodged            |    40 |    76 |   122 |   299 |     5 ||   542
Block: Buckler           |       |       |       |   149 |     1 ||   150

Table legend:
 A = Non-vault XP
 B = Vault XP
 C = Vault XP percentage of total XP
 D = Non-vault monster count
 E = Vault monster count
 F = Vault count percentage of total count
                 A         B        C        D         E       F
            +---------+---------+-------+---------+---------+-------
      Total |   18913 |   20245 |  51.7 |     295 |     135 |  31.4
            +---------+---------+-------+---------+---------+-------
        D:1 |      28 |       7 |  20.0 |      16 |       4 |  20.0
        D:2 |      50 |       0 |   0.0 |      23 |       0 |   0.0
        D:3 |     144 |      35 |  19.6 |      20 |       1 |   4.8
        D:4 |     306 |     383 |  55.6 |      22 |      13 |  37.1
        D:5 |    1164 |       0 |   0.0 |      23 |       0 |   0.0
        D:6 |     674 |       0 |   0.0 |      13 |       0 |   0.0
        D:7 |     859 |     655 |  43.3 |      24 |       4 |  14.3
        D:8 |    1503 |     112 |   6.9 |      13 |       1 |   7.1
        D:9 |     972 |     487 |  33.4 |      15 |      24 |  61.5
       D:10 |    3615 |    1765 |  32.8 |      58 |       2 |   3.3
       D:11 |    3979 |    2661 |  40.1 |      46 |       8 |  14.8
     Lair:1 |    3686 |    2217 |  37.6 |      12 |      19 |  61.3
     Lair:2 |    1933 |    2192 |  53.1 |      10 |      12 |  54.5
      IceCv |       0 |    9731 | 100.0 |       0 |      47 | 100.0
            +---------+---------+-------+---------+---------+-------
